[ AOE2 MATCH · #506527405 ]
UnrankedBurmese vs Mongols
Player's team · LOSS
Rival team · WIN
[ REPLAY ANALYSIS · EXTRACTED FROM THE RECORDED GAME ]
Feudal
9:56
Castle
22:34
Imperial
—
| APM avg | 63.9 |
| APM peak | 97 |
| eAPM avg | 24.5 |
| Villagers / military | 151 / 101 |
Focus
⚔️ 37.4% · 🌾 62.6%
Skirmisher ×74 · Arambai ×12 · Militia ×9 · Mangonel ×6
Feudal
11:27
Castle
15:24
Imperial
41:22
| APM avg | 50.6 |
| APM peak | 96 |
| eAPM avg | 21.9 |
| Villagers / military | 126 / 78 |
Focus
⚔️ 31.2% · 🌾 68.8%
Mangudai ×64 · Mangonel ×7 · Monk ×3 · Trebuchet (Packed) ×3 · Battering Ram ×1
Match map
Initial resources + every placement click. Lines = walls · curves = elevation contours. ◆ gold · ⬟ stone · ● berries · ✦ relic · ◌ wall gap
Your base· Open — unwalled flank
Honeybadger's base· Open — unwalled flank
Smoothed initial terrain · ◌ = detected wall gap · hover for details
Inputs per minute
— Zezlot - - Honeybadger
Build order — Zezlot
First 150 of 335 actions detected
| 0:00 | Create | Villager (Male) |
| 0:01 | Create | Villager (Male) |
| 0:02 | Build | House |
| 0:02 | Build | House |
| 0:03 | Create | Villager (Male) |
| 0:05 | Create | Villager (Male) |
| 1:40 | Create | Villager (Male) |
| 1:59 | Create | Villager (Male) |
| 2:06 | Create | Villager (Male) |
| 2:39 | Build | Lumber Camp |
| 2:53 | Create | Villager (Male) |
| 2:53 | Create | Villager (Male) |
| 2:54 | Create | Villager (Male) |
| 4:07 | Build | House |
| 4:20 | Create | Villager (Male) |
| 4:20 | Create | Villager (Male) |
| 4:21 | Create | Villager (Male) |
| 4:28 | Create | Villager (Male) |
| 4:41 | Build | House |
| 5:18 | Research | Loom |
| 5:22 | Research | Loom |
| 5:34 | Build | House |
| 5:45 | Create | Villager (Male) |
| 5:48 | Create | Villager (Male) |
| 5:49 | Create | Villager (Male) |
| 5:50 | Create | Villager (Male) |
| 5:53 | Create | Villager (Male) |
| 5:56 | Create | Villager (Male) |
| 6:01 | Create | Villager (Male) |
| 6:18 | Create | Villager (Male) |
| 6:18 | Create | Villager (Male) |
| 6:33 | Build | Barracks |
| 6:35 | Create | Villager (Male) |
| 6:47 | Create | Villager (Male) |
| 6:48 | Create | Villager (Male) |
| 6:48 | Create | Villager (Male) |
| 6:52 | Create | Villager (Male) |
| 6:52 | Create | Villager (Male) |
| 6:58 | Create | Villager (Male) |
| 7:03 | Create | Villager (Male) |
| 7:04 | Create | Villager (Male) |
| 7:21 | Create | Villager (Male) |
| 7:35 | Research | Feudal Age |
| 7:35 | Research | Feudal Age |
| 7:40 | Create | Militia |
| 7:40 | Create | Militia |
| 7:56 | Build | Mining Camp |
| 8:16 | Create | Villager (Male) |
| 8:19 | Create | Militia |
| 8:19 | Create | Militia |
| 8:22 | Create | Villager (Male) |
| 8:39 | Create | Militia |
| 8:43 | Build | House |
| 9:04 | Create | Militia |
| 9:14 | Create | Militia |
| 9:14 | Create | Villager (Male) |
| 9:21 | Build | Mill |
| 9:40 | Create | Militia |
| 9:44 | Create | Villager (Male) |
| 9:56 | Age | Feudal Age |
| 9:58 | Build | Watch Tower |
| 10:17 | Create | Villager (Male) |
| 10:40 | Build | House |
| 11:02 | Research | Man-at-Arms (upgrade) |
| 11:41 | Create | Villager (Male) |
| 11:46 | Build | Mining Camp |
| 11:52 | Create | Villager (Male) |
| 12:11 | Build | Farm |
| 12:20 | Create | Villager (Male) |
| 12:21 | Create | Villager (Male) |
| 13:01 | Build | Watch Tower |
| 13:03 | Create | Militia |
| 13:28 | Build | Farm |
| 13:30 | Build | Farm |
| 13:32 | Build | House |
| 14:05 | Create | Villager (Male) |
| 14:05 | Create | Villager (Male) |
| 14:07 | Build | House |
| 14:12 | Build | Farm |
| 14:38 | Create | Villager (Male) |
| 14:40 | Build | Farm |
| 14:53 | Create | Villager (Male) |
| 14:53 | Create | Villager (Male) |
| 15:26 | Create | Villager (Male) |
| 15:31 | Build | Market |
| 15:32 | Create | Villager (Male) |
| 15:56 | Build | Farm |
| 16:11 | Create | Villager (Male) |
| 16:22 | Create | Villager (Male) |
| 16:53 | Build | Watch Tower |
| 17:33 | Create | Villager (Male) |
| 17:34 | Create | Villager (Male) |
| 17:36 | Build | Farm |
| 17:52 | Create | Villager (Male) |
| 17:53 | Create | Villager (Male) |
| 18:00 | Build | Farm |
| 19:04 | Create | Villager (Male) |
| 19:05 | Create | Villager (Male) |
| 19:08 | Create | Villager (Male) |
| 19:10 | Build | Archery Range |
| 19:11 | Create | Villager (Male) |
| 19:28 | Create | Villager (Male) |
| 19:29 | Create | Villager (Male) |
| 19:34 | Build | Blacksmith |
| 19:35 | Create | Villager (Male) |
| 19:48 | Research | Castle Age |
| 19:48 | Research | Castle Age |
| 19:54 | Build | Watch Tower |
| 20:01 | Build | Palisade Wall |
| 20:04 | Build | Palisade Wall |
| 20:06 | Build | Palisade Wall |
| 20:07 | Build | Palisade Wall |
| 20:11 | Create | Villager (Male) |
| 20:15 | Create | Villager (Male) |
| 20:15 | Create | Skirmisher |
| 20:18 | Create | Skirmisher |
| 20:18 | Create | Skirmisher |
| 20:28 | Create | Skirmisher |
| 20:31 | Create | Skirmisher |
| 20:31 | Create | Skirmisher |
| 20:36 | Research | Padded Archer Armor |
| 20:37 | Research | Padded Archer Armor |
| 20:49 | Build | Watch Tower |
| 20:49 | Create | Skirmisher |
| 20:53 | Create | Skirmisher |
| 21:02 | Create | Skirmisher |
| 21:06 | Create | Skirmisher |
| 21:11 | Create | Skirmisher |
| 21:13 | Build | House |
| 21:14 | Build | House |
| 21:16 | Create | Skirmisher |
| 21:28 | Create | Skirmisher |
| 21:28 | Create | Skirmisher |
| 21:33 | Build | House |
| 21:36 | Build | Palisade Wall |
| 21:43 | Create | Skirmisher |
| 21:55 | Create | Skirmisher |
| 21:58 | Research | Fletching |
| 22:00 | Create | Skirmisher |
| 22:20 | Create | Skirmisher |
| 22:28 | Create | Skirmisher |
| 22:34 | Age | Castle Age |
| 22:36 | Create | Villager (Male) |
| 22:37 | Build | Town Center |
| 23:15 | Create | Skirmisher |
| 23:26 | Create | Skirmisher |
| 23:43 | Create | Villager (Male) |
| 23:43 | Create | Villager (Male) |
| 23:44 | Create | Villager (Male) |
| 24:00 | Create | Skirmisher |
Build order — Honeybadger
First 150 of 343 actions detected
| 0:01 | Create | Villager (Male) |
| 0:01 | Create | Villager (Male) |
| 0:01 | Create | Villager (Male) |
| 0:03 | Build | House |
| 0:04 | Build | House |
| 0:21 | Create | Villager (Male) |
| 0:22 | Create | Villager (Male) |
| 1:30 | Create | Villager (Male) |
| 1:30 | Create | Villager (Male) |
| 1:45 | Build | Lumber Camp |
| 2:06 | Create | Villager (Male) |
| 2:07 | Create | Villager (Male) |
| 2:08 | Create | Villager (Male) |
| 2:51 | Create | Villager (Male) |
| 3:04 | Create | Villager (Male) |
| 3:04 | Create | Villager (Male) |
| 3:26 | Build | House |
| 3:27 | Build | House |
| 3:36 | Create | Villager (Male) |
| 4:05 | Create | Villager (Male) |
| 4:23 | Build | Mill |
| 4:37 | Create | Villager (Male) |
| 4:37 | Create | Villager (Male) |
| 5:01 | Create | Villager (Male) |
| 5:31 | Create | Villager (Male) |
| 5:48 | Research | Loom |
| 5:48 | Create | Villager (Male) |
| 6:33 | Create | Villager (Male) |
| 6:53 | Build | Mining Camp |
| 7:08 | Create | Villager (Male) |
| 7:08 | Create | Villager (Male) |
| 7:16 | Build | House |
| 7:18 | Build | Palisade Wall |
| 7:20 | Build | Palisade Wall |
| 7:21 | Build | Palisade Wall |
| 7:21 | Build | Palisade Wall |
| 7:55 | Create | Villager (Male) |
| 8:02 | Build | Mining Camp |
| 8:08 | Build | Palisade Wall |
| 8:24 | Build | Palisade Wall |
| 8:24 | Build | Palisade Wall |
| 8:26 | Build | Palisade Wall |
| 8:27 | Create | Villager (Male) |
| 8:27 | Create | Villager (Male) |
| 8:51 | Research | Feudal Age |
| 9:06 | Build | Palisade Wall |
| 9:33 | Build | Palisade Wall |
| 9:34 | Build | Palisade Wall |
| 9:36 | Build | Palisade Wall |
| 10:42 | Create | Villager (Male) |
| 10:42 | Create | Villager (Male) |
| 10:50 | Build | House |
| 11:27 | Age | Feudal Age |
| 11:29 | Build | Market |
| 11:31 | Build | Blacksmith |
| 11:38 | Build | House |
| 11:58 | Build | Watch Tower |
| 12:21 | Build | House |
| 12:25 | Build | Palisade Wall |
| 12:30 | Build | Palisade Wall |
| 12:44 | Research | Castle Age |
| 12:45 | Research | Wheelbarrow |
| 12:56 | Build | House |
| 13:08 | Build | Watch Tower |
| 13:14 | Build | Palisade Wall |
| 14:08 | Build | Lumber Camp |
| 14:38 | Create | Villager (Male) |
| 15:24 | Age | Castle Age |
| 15:33 | Build | Castle |
| 15:49 | Research | Fletching |
| 15:50 | Create | Villager (Male) |
| 15:52 | Research | Double-Bit Axe |
| 15:58 | Build | Farm |
| 16:24 | Create | Villager (Male) |
| 16:43 | Create | Mangudai |
| 16:43 | Create | Mangudai |
| 17:22 | Create | Villager (Male) |
| 17:24 | Create | Mangudai |
| 17:43 | Create | Mangudai |
| 17:44 | Create | Villager (Male) |
| 17:56 | Build | Farm |
| 18:07 | Create | Mangudai |
| 18:39 | Build | Farm |
| 18:39 | Create | Villager (Male) |
| 18:53 | Create | Mangudai |
| 19:19 | Build | Farm |
| 19:20 | Build | Farm |
| 19:21 | Build | Farm |
| 19:28 | Build | Farm |
| 19:29 | Build | Farm |
| 19:30 | Build | Farm |
| 19:32 | Create | Villager (Male) |
| 19:33 | Create | Mangudai |
| 19:46 | Build | Farm |
| 19:53 | Create | Mangudai |
| 19:53 | Create | Mangudai |
| 20:02 | Create | Villager (Male) |
| 20:02 | Create | Villager (Male) |
| 20:14 | Create | Mangudai |
| 20:30 | Create | Villager (Male) |
| 20:31 | Create | Villager (Male) |
| 20:44 | Create | Mangudai |
| 20:45 | Create | Villager (Male) |
| 20:46 | Create | Villager (Male) |
| 21:18 | Build | Town Center |
| 21:20 | Create | Villager (Male) |
| 21:21 | Create | Mangudai |
| 21:57 | Create | Mangudai |
| 21:57 | Create | Villager (Male) |
| 21:58 | Create | Villager (Male) |
| 22:24 | Research | Bodkin Arrow |
| 22:35 | Create | Mangudai |
| 23:26 | Create | Villager (Male) |
| 23:26 | Create | Villager (Male) |
| 23:27 | Create | Mangudai |
| 23:27 | Create | Mangudai |
| 23:38 | Build | Town Center |
| 23:47 | Build | Siege Workshop |
| 23:50 | Create | Villager (Male) |
| 23:51 | Create | Mangudai |
| 23:56 | Create | Villager (Male) |
| 23:56 | Create | Villager (Male) |
| 24:05 | Build | Monastery |
| 24:14 | Create | Mangudai |
| 24:16 | Create | Villager (Male) |
| 24:16 | Create | Villager (Male) |
| 24:34 | Create | Villager (Male) |
| 24:34 | Create | Villager (Male) |
| 24:51 | Create | Villager (Male) |
| 24:51 | Create | Villager (Male) |
| 25:13 | Create | Mangonel |
| 25:13 | Create | Mangonel |
| 25:15 | Create | Villager (Male) |
| 25:27 | Create | Villager (Male) |
| 25:27 | Create | Villager (Male) |
| 25:37 | Create | Monk |
| 25:37 | Create | Monk |
| 25:47 | Create | Villager (Male) |
| 25:47 | Create | Villager (Male) |
| 25:49 | Build | Farm |
| 25:49 | Build | Farm |
| 25:49 | Build | Farm |
| 25:49 | Build | Farm |
| 25:49 | Build | Farm |
| 26:06 | Create | Mangudai |
| 26:07 | Create | Villager (Male) |
| 26:07 | Create | Villager (Male) |
| 26:24 | Create | Battering Ram |
| 26:26 | Create | Villager (Male) |
| 26:26 | Create | Villager (Male) |
Match timeline
| 6:33 | Zezlot · first_building Barracks |
| 7:18 | Honeybadger · wall_segment Palisade Wall x1 |
| 7:20 | Honeybadger · wall_segment Palisade Wall x1 |
| 7:21 | Honeybadger · wall_segment Palisade Wall x1 |
| 7:21 | Honeybadger · wall_segment Palisade Wall x1 |
| 8:08 | Honeybadger · wall_segment Palisade Wall x1 |
| 8:24 | Honeybadger · wall_segment Palisade Wall x1 |
| 8:24 | Honeybadger · wall_segment Palisade Wall x2 |
| 8:26 | Honeybadger · wall_segment Palisade Wall x1 |
| 9:06 | Honeybadger · wall_segment Palisade Wall x7 |
| 9:33 | Honeybadger · wall_segment Palisade Wall x1 |
| 9:34 | Honeybadger · wall_segment Palisade Wall x1 |
| 9:36 | Honeybadger · wall_segment Palisade Wall x1 |
| 9:56 | Zezlot · age_up feudal |
| 11:27 | Honeybadger · age_up feudal |
| 12:25 | Honeybadger · wall_segment Palisade Wall x7 |
| 12:30 | Honeybadger · wall_segment Palisade Wall x2 |
| 13:14 | Honeybadger · wall_segment Palisade Wall x1 |
| 14:05 | Honeybadger · first_market_buy 100 wood |
| 15:24 | Honeybadger · age_up castle |
| 15:33 | Honeybadger · first_building Castle |
| 18:02 | Zezlot · first_market_buy 100 food |
| 18:06 | Zezlot · first_market_sell 500 stone |
| 19:10 | Zezlot · first_building Archery Range |
| 20:01 | Zezlot · wall_segment Palisade Wall x1 |
| 20:04 | Zezlot · wall_segment Palisade Wall x3 |
| 20:06 | Zezlot · wall_segment Palisade Wall x3 |
| 20:07 | Zezlot · wall_segment Palisade Wall x1 |
| 21:36 | Zezlot · wall_segment Palisade Wall x7 |
| 22:34 | Zezlot · age_up castle |
| 23:47 | Honeybadger · first_building Siege Workshop |
| 24:05 | Honeybadger · first_building Monastery |
| 25:35 | Honeybadger · first_market_sell 100 wood |
| 26:21 | Zezlot · first_building Siege Workshop |
| 29:57 | Honeybadger · first_building Barracks |
| 32:55 | Zezlot · wall_segment Palisade Wall x5 |
| 35:04 | Zezlot · first_building Castle |
| 39:14 | Honeybadger · first_building Stable |
| 41:22 | Honeybadger · age_up imperial |
| 44:24 | Honeybadger · first_building Archery Range |
| 44:29 | Zezlot · resign |
[ AI ANALYSIS · 1 CREDIT ]
What really happened in this match?
Wolo.gg analyzes every decision: build order, eco, micro, common mistakes by bracket. Personalized analysis on WhatsApp or Discord in 30 seconds.
Civ guide
Burmese
Perfil
Jugador #14438285